 Dungeon Crawl Stone Soup version 0.21.0-3-g78d12a8 (webtiles) character file.

9597 letownia2 the Grappler (level 11, -11/67 HPs)
             Began as a Gargoyle Fighter on Jan 8, 2018.
             Was an Initiate of Gozag.
             Mangled by a centaur warrior
             ... wielding the +5 great sword of Karaoth {slice, *Rage rN+ Dex+2}
              (17 damage)
             ... on level 9 of the Dungeon.
             The game lasted 00:17:44 (9169 turns).

letownia2 the Grappler (Gargoyle Fighter)           Turns: 9169, Time: 00:17:45

Health: -11/67     AC: 21    Str: 20    XL:     11   Next: 49%
Magic:  17/17      EV: 11    Int: 12    God:    Gozag
Gold:   1932       SH:  0    Dex:  9    Spells: 13/18 levels left

rFire    . . .     SeeInvis .     - Unarmed
rCold    . . .     Gourm    .   (no shield)
rNeg     + . .     Faith    .   a - +0 scale mail
rPois    ∞         Spirit   .   (no helmet)
rElec    +         Reflect  .   A - +0 cloak
rCorr    .         Harm     .   M - +1 pair of gloves
MR       .....                  (no boots)
Stlth    ..........             B - amulet of regeneration
HPRegen  0.61/turn              y - +2 ring of protection
MPRegen  0.15/turn              F - ring of wizardry

@: about to teleport
A: negative energy resistance 1, electricity resistance, unbreathing,
petrification resistance, rot immunity, AC +8
a: Potion Petition, Call Merchant, Bribe Branch, Renounce Religion


You were on level 9 of the Dungeon.
You worshipped Gozag.
Gozag was most pleased with you.
You were not hungry.

You visited 2 branches of the dungeon, and saw 10 of its levels.

You collected 1977 gold pieces.
You paid 45 gold pieces to Gozag.

Inventory:

Hand Weapons
 h - a +4 quarterstaff of chaos
 s - a +2 flail of holy wrath
Missiles
 G - 7 javelins of penetration (quivered)
Armour
 a - a +0 scale mail (worn)
 b - a +0 shield
 A - a +0 cloak (worn)
 J - a +3 leather armour of positive energy
 M - a +1 pair of gloves (worn)
Jewellery
 y - a +2 ring of protection (left hand)
 B - an amulet of regeneration (around neck)
 F - a ring of wizardry (right hand)
 I - a +4 ring of intelligence
 L - an uncursed ring of positive energy
 P - a +2 ring of intelligence
 T - a +2 ring of intelligence
Wands
 o - a wand of paralysis (23)
 C - a wand of enslavement (11)
 E - a wand of digging (37)
 H - a wand of flame (39)
 Q - a wand of clouds (3)
 S - a wand of disintegration (10)
Scrolls
 f - 3 scrolls of noise {unknown}
 g - 3 scrolls of teleportation
 j - 2 scrolls of fear {unknown}
 m - 3 scrolls of remove curse
 n - 8 scrolls of identify
 q - 3 scrolls of fog {unknown}
 v - 3 scrolls of blinking {unknown}
 w - a scroll of magic mapping {unknown}
 x - 3 scrolls of enchant armour {unknown}
 K - a scroll of enchant weapon {unknown}
 O - 2 scrolls of summoning {unknown}
Potions
 c - 3 potions of might
 e - a potion of invisibility {unknown}
 i - 6 potions of curing {unknown}
 k - 3 potions of degeneration {unknown}
 l - 3 potions of magic {unknown}
 p - 3 potions of haste {unknown}
 r - 2 potions of mutation {unknown}
 t - a potion of flight {unknown}
 u - a potion of brilliance {unknown}
 z - a potion of berserk rage
 D - a potion of lignification {unknown}
Books
 R - a Necronomicon

   Spells                             Type                      Level
   a - Haunt                          Necromancy/Summoning         7
   b - Borgnjor's Revivification      Necromancy                   8
   c - Death's Door                   Charms/Necromancy            8
   d - Infestation                    Necromancy                   8
   e - Necromutation                  Transmutation/Necromancy     8
Miscellaneous
 N - a phantom mirror
Comestibles
 d - 12 rations


   Skills:
 - Level 7.6 Fighting
 - Level 6.0 Armour
 - Level 4.1 Dodging
 - Level 3.2 Shields
 - Level 12.3 Unarmed Combat
 + Level 4.3 Spellcasting
 - Level 3.2 Conjurations
 - Level 3.1 Air Magic
 - Level 2.9 Poison Magic
 - Level 2.8 Evocations


You had 13 spell levels left.
You knew the following spells:

 Your Spells              Type           Power        Failure   Level  Hunger
e - Mephitic Cloud        Conj/Pois/Air  ##......     19%         3    ###....
v - Poisonous Vapours     Pois/Air       #.....       10%         2    ##.....


Dungeon Overview and Level Annotations

Branches:
Dungeon (9/15)             Temple (1/1) D:4             Orc (0/2) D:9
   Lair: D:8-11

Altars:
Ashenzari
Cheibriados
Dithmenos
Elyvilon
Fedhas
Gozag
Hepliaklqana
Kikubaaqudgha
Makhleb
Nemelex Xobeh
Okawaru
Ru
Sif Muna
Trog
Uskayaw
Vehumet
Xom
Yredelemnul
Zin
The Shining One

Shops:
D:4 :%


Innate Abilities, Weirdness & Mutations

You are resistant to torment.
Your stone body is resilient. (AC +8)
You are immune to poison.
You resist negative energy. (rN+)
You are resistant to electric shocks. (rElec)
You can survive without breathing.
You are immune to petrification.
You are immune to rotting.


Message History

The centaur warrior hits you with an uncursed ivory great sword {slice}.
You barely miss the centaur warrior. Your punch misses the centaur warrior.
The centaur warrior is moderately wounded.
The centaur warrior goes berserk!
The centaur warrior hits you with an uncursed ivory great sword {slice}!
You punch the centaur warrior!
The centaur warrior is heavily wounded.
The centaur warrior hits you with an uncursed ivory great sword {slice}!!
* * * LOW HITPOINT WARNING * * *
Casting: Mephitic Cloud
Confirm with . or Enter, or press ? or * to list all spells.
You can't see any susceptible monsters within range! (Use Z to cast anyway.) Unknown command.
As you read the scroll of teleportation, it crumbles to dust.
You feel strangely unstable.
The centaur warrior hits you with an uncursed ivory great sword {slice}!
* * * LOW HITPOINT WARNING * * *
x2 The centaur warrior hits you with an uncursed ivory great sword {slice}!
You die...
Your body crumbles into a pile of gold.

.......#..........# #.#.##.###...
######.#........#.###.#.##.##....
#...#.#...................))).##
##...#.#....#...#.....#.##'###.##
.....#......#...##....#...<....##
...........)#...##.#...........##
.......#...)#...#..#...........##
.....#.#........#c#.#..........##
.....#.#...##...@.#.#..........##
.................##.##..........#
######.#...####..#...#...........
...........# #(##...##..####.#.#
######.##..# ##.#.#'#.#..# #.#.#
...........###.##.#.#.##.## #.#.#
######..##.#...#.##.##.#..# #.#.#
######..##....##.#...#.##.###.#.#
..............#.##...##.#.....#.#


You could see a centaur warrior (berserk).

Vanquished Creatures
  A centaur warrior (D:9)
  A two-headed ogre (D:9)
  The ghost of Dustman the Fighter, a novice HuFi of Kikubaaqudgha (D:9)
  A cyclops (D:9)
  Joseph (D:7)
  A hornet (D:9)
  Grinder (D:5)
  2 trolls (D:9)
  2 yaks (D:9)
  A wraith (D:9)
  A basilisk (D:8)
  2 hungry ghosts (D:9)
  A human (D:9)
  2 hogs (D:9)
  Edmund (D:6)
  A steam dragon (D:8)
  Duvessa (D:6)
  3 orc warriors
  3 sky beasts
  2 ice beasts (D:9)
  9 ogres
  2 phantoms
  7 centaurs
  4 big kobolds
  Blork the orc (D:5)
  7 bullfrogs
  A gnoll sergeant (D:9)
  4 scorpions
  Dowan (D:6)
  3 wights (D:8)
  3 howler monkeys
  A jelly (D:7)
  3 orc priests
  Crazy Yiuf (D:3)
  A bullfrog zombie (D:9)
  A bullfrog skeleton (D:9)
  7 hounds
  9 orc wizards
  An iguana (D:8)
  Ijyb (D:5)
  Terence (D:3)
  4 worker ants
  A hound zombie (D:5)
  A hound skeleton (D:9)
  A mummy (D:8)
  A howler monkey zombie (D:6)
  5 gnolls (D:9)
  11 adders
  3 shadow imps
  2 adder zombies
  3 worms
  4 dart slugs
  2 leopard geckos
  31 orcs
  7 bats
  5 giant cockroaches
  10 goblins
  4 hobgoblins
  3 jackals (D:1)
  9 kobolds
  3 quokkas
  11 frilled lizards
  A jackal skeleton (D:4)
  A leopard gecko zombie (D:5)
  5 rats
225 creatures vanquished.

Notes
Turn   | Place    | Note
-------+----------+-------------------------------------------
     0 | D:1      | letownia2 the Gargoyle Fighter began the quest for the Orb.
     0 | D:1      | Reached XP level 1. HP: 14/14 MP: 1/1
   110 | D:2      | Reached skill level 3 in Unarmed Combat
   110 | D:2      | Reached XP level 2. HP: 14/19 MP: 2/2
   372 | D:3      | Reached XP level 3. HP: 23/23 MP: 3/3
   562 | D:4      | Reached skill level 4 in Unarmed Combat
   566 | D:4      | Found Gecamame's Book Shoppe.
   598 | D:4      | Found Ciabacw's Food Shop.
   809 | D:4      | Reached XP level 4. HP: 28/28 MP: 4/4
   854 | D:4      | Reached skill level 5 in Unarmed Combat
   854 | D:4      | Reached XP level 5. HP: 30/32 MP: 5/5
  1038 | D:4      | Noticed an ogre
  1055 | D:4      | Killed an ogre
  1055 | D:4      | Reached skill level 6 in Unarmed Combat
  1104 | D:4      | Found a staircase to the Ecumenical Temple.
  1112 | Temple   | Entered the Ecumenical Temple
  1169 | Temple   | Became a worshipper of Gozag Ym Sagoz the Greedy
  1329 | D:3      | Reached XP level 6. HP: 37/37 MP: 6/6
  1420 | D:3      | Noticed Terence
  1449 | D:3      | Killed Terence
  1731 | D:3      | Found a runed door.
  3201 | D:3      | Found a faded altar of an unknown god.
  3348 | D:3      | Noticed Crazy Yiuf
  3360 | D:3      | Killed Crazy Yiuf
  3734 | D:5      | Entered Level 5 of the Dungeon
  3791 | D:5      | Reached skill level 7 in Unarmed Combat
  3791 | D:5      | Reached XP level 7. HP: 30/42 MP: 7/7
  3822 | D:5      | Noticed Ijyb
  3830 | D:5      | Killed Ijyb
  3830 | D:5      | Reached skill level 1 in Dodging
  3917 | D:5      | Noticed Blork the orc
  4030 | D:5      | Killed Blork the orc
  4108 | D:5      | Found a glowing silver altar of Zin.
  4113 | D:5      | Found a blossoming altar of Fedhas.
  4115 | D:5      | Found a hide-covered altar of Uskayaw.
  4171 | D:5      | Noticed Grinder
  4208 | D:5      | Killed Grinder
  4208 | D:5      | Reached XP level 8. HP: 25/48 MP: 8/8
  4279 | D:5      | Found a bloodstained altar of Trog.
  4913 | D:6      | Noticed Duvessa
  4914 | D:6      | Noticed Dowan
  4935 | D:6      | Reached skill level 8 in Unarmed Combat
  5009 | D:6      | Killed Dowan
  5044 | D:6      | Killed Duvessa
  5044 | D:6      | Reached skill level 5 in Fighting
  5215 | D:6      | Noticed Edmund
  5229 | D:6      | Killed Edmund
  5463 | D:6      | Reached skill level 9 in Unarmed Combat
  5606 | D:7      | Reached XP level 9. HP: 50/55 MP: 9/9
  5679 | D:7      | Noticed Joseph
  5692 | D:7      | Killed Joseph
  6120 | D:7      | Reached skill level 10 in Unarmed Combat
  6695 | D:8      | Found a snail-covered altar of Cheibriados.
  7076 | D:8      | Reached skill level 11 in Unarmed Combat
  7091 | D:8      | Reached XP level 10. HP: 33/63 MP: 10/10
  7407 | D:9      | Noticed Dustman's ghost (novice HuFi)
  7448 | D:9      | Found an ancient bone altar of Kikubaaqudgha.
  7785 | D:9      | Reached skill level 1 in Evocations
  7831 | D:9      | Noticed a centaur warrior
  7852 | D:9      | Killed a centaur warrior
  7852 | D:9      | Reached skill level 5 in Armour
  7868 | D:9      | Noticed a cyclops
  7985 | D:9      | Killed a cyclops
  8029 | D:9      | Reached skill level 12 in Unarmed Combat
  8081 | D:9      | Found a sparkling altar of Nemelex Xobeh.
  8140 | D:9      | Found a hazy altar of Hepliaklqana.
  8203 | D:9      | Found a runed door.
  8264 | D:9      | Learned a level 2 spell: Poisonous Vapours
  8268 | D:9      | Learned a level 3 spell: Mephitic Cloud
  8387 | D:9      | Noticed a two-headed ogre
  8397 | D:9      | Killed a two-headed ogre
  8397 | D:9      | Reached skill level 1 in Spellcasting
  8397 | D:9      | Reached skill level 1 in Conjurations
  8397 | D:9      | Reached skill level 1 in Air Magic
  8397 | D:9      | Reached skill level 1 in Poison Magic
  8397 | D:9      | Reached XP level 11. HP: 52/67 MP: 13/13
  8705 | D:9      | Killed Dustman's ghost
  8922 | D:9      | Found a staircase to the Orcish Mines.
  9155 | D:9      | Noticed a centaur warrior
  9169 | D:9      | Identified the +5 great sword of Karaoth {slice, *Rage rN+ Dex+2}
  9169 | D:9      | Mangled by a centaur warrior

Skill      XL: |  1  2  3  4  5  6  7  8  9 10 11 |
---------------+----------------------------------+-----
Unarmed Combat | 3 4 5 6 7 9 11 12 | 12.3
Dodging        | 4 |  4.1
Fighting       | 5 7 |  7.6
Armour         | 6 |  6.0
Evocations     | 2 |  2.8
Spellcasting   | 1 4 |  4.3
Conjurations   | 1 3 |  3.2
Air Magic      | 1 3 |  3.1
Poison Magic   | 1 2 |  2.9
Shields        | |  3.2

Action                   |  1- 3 |  4- 6 |  7- 9 | 10-12 || total
-------------------------+-------+-------+-------+-------++-------
Melee: Unarmed           |    95 |   334 |   428 |   387 ||  1244
       Punch             |     1 |     3 |    13 |    18 ||    35
Throw: Javelin           |       |       |     2 |     6 ||     8
 Cast: Mephitic Cloud    |       |       |       |     3 ||     3
       Poisonous Vapours |       |       |       |     1 ||     1
Evoke: Wand              |       |     1 |     3 |    10 ||    14
  Use: Scroll            |       |     3 |       |     1 ||     4
 Stab: Paralysed         |       |     7 |     6 |     8 ||    21
       Distracted        |       |       |       |     1 ||     1
       Confused          |       |       |       |     1 ||     1
  Eat: Chunk             |       |     1 |       |       ||     1
       Ration            |       |     3 |     4 |     1 ||     8
Armor: Scale mail        |    50 |   140 |   213 |   204 ||   607
Dodge: Dodged            |    48 |   147 |   157 |   137 ||   489
